 Dungeon Crawl Stone Soup version 0.30.0-15-g856e2d3f33 (webtiles) character file.

Game seed: 7507580615741228313

61 Strat the Insei (level 4, -1/23 HPs)
             Began as a Vine Stalker Monk on May 18, 2023.
             Slain by an orc priest
             ... wielding a +0 flail
              (6 damage)
             ... on level 2 of the Dungeon.
             The game lasted 00:01:30 (1228 turns).

Strat the Insei (Vine Stalker Monk)                 Turns: 1228, Time: 00:01:31

Health: -1/23      AC:  2    Str: 16    XL:     4   Next: 7%
Magic:  0/5        EV: 12    Int: 10    God:
Gold:   38         SH:  0    Dex: 16    Spells: 3/3 levels left

rFire   . .          .
                       - Unarmed
rCold   . . .        c - orb {light}
rNeg    . . .        a - +0 robe
rPois   .            (no helmet)
rElec   .            (no cloak)
rCorr   .            (no gloves)
SInv    .            (no boots)
Will    .....        (no amulet)
Stlth   +            (no ring)
HPRegen 1.03/turn    (no ring)
MPRegen 0.09/turn

%: guardian spirit
@: glowing
A: fangs 2, regeneration 1, magic shield, antimagic bite, no potion heal 2
a: no special abilities


You were on level 2 of the Dungeon.
You visited 1 branch of the dungeon, and saw 2 of its levels.

You collected 38 gold pieces.

Inventory:

Missiles
 g - 2 throwing nets (quivered)
Armour
 a - a +0 robe (worn)
 c - an orb of light (worn)
Scrolls
 f - a scroll of amnesia {unknown}
 j - a scroll of blinking {unknown}
 k - a scroll of immolation {unknown}
Potions
 b - 2 potions of ambrosia
 d - a potion of magic {unknown}
 e - 3 potions of attraction {unknown}
 h - a potion of flight {unknown}
 i - a potion of curing {unknown}
 l - 2 potions of mutation {unknown}


   Skills:
 - Level 2.6 Fighting
 - Level 2.4 Dodging
 * Level 4.8 Unarmed Combat


You had 3 spell levels left.
You didn't know any spells.
Your spell library contained the following spells:

 Spells                   Type           Power      Damage    Failure   Level
 Magic Dart               Conj           0%         1d3       36%         1
 Blink                    Tloc           0%         N/A       50%         2
 Call Imp                 Summ           0%         N/A       50%         2
 Ensorcelled Hibernation  Hex/Ice        0%         N/A       50%         2
 Lesser Beckoning         Tloc           0%         N/A       50%         2
 Momentum Strike          Conj/Tloc      0%         3d8       50%         2
 Mephitic Cloud           Conj/Pois/Air  0%         N/A       75%         3
 Spider Form              Tmut/Pois      0%         N/A       75%         3
 Anguish                  Hex/Necr       0%         N/A       98%         4


Dungeon Overview and Level Annotations

Branches:
Dungeon (2/15)

Altars:

Annotations:
D:2 Sigmund


Innate Abilities, Weirdness & Mutations

You have extremely sharp teeth.
Your natural rate of healing is unusually fast.
When hurt, damage is shared between your health and your magic reserves.
Your bite disrupts and absorbs the magic of your enemies.
Potions cannot restore your health.


Message History

Beogh smites you!
Ouch! That really hurt!
* * * LOW HITPOINT WARNING * * *
The orc wizard barely misses you.
The orc wizard casts a spell.
The orc wizard flickers and vanishes for a moment.
You hit the orc wizard but do no damage.
You bite the orc wizard.
You kill the orc wizard!
You have reached level 4!
You feel stronger.
You begin to heal more quickly.
You completely miss the orc priest. Your bite misses the orc priest.
The orc priest misses you.
You hit the orc priest. You bite the orc priest. You drain its power.
You feel invigorated.
The orc priest is moderately wounded.
The orc priest barely misses you.
You hit the orc priest but do no damage.
You bite the orc priest. You drain its power.
The orc priest is moderately wounded.
The orc priest barely misses you.
You hit the orc priest but do no damage.
You bite the orc priest, but do no damage.
The orc priest is moderately wounded.
The orc priest miscasts a cantrip.
You hit the orc priest but do no damage.
You bite the orc priest, but do no damage.
The orc priest is moderately wounded.
You hit the orc priest but do no damage.
The orc priest is moderately wounded.
The orc priest closely misses you.
You hit the orc priest.
The orc priest is severely wounded.
The orc priest hits you with a +0 flail!
* * * LOW HITPOINT WARNING * * *
You barely miss the orc priest.
The orc priest is severely wounded.
The orc priest hits you with a +0 flail!
You die...

........#..........# ...
........#..........####.####
#.###..##................... #
##. #......>............ ##
#...................
#.#...................
........o.<..)....... ..#
#.#######..#......#.##
..##.#..@oo#o..........##
####.##.#.###.#o............
..#.....#.# #)#...........##
######.#(....#.# #.#...........#
.....#.#.......# #oo...........#
.....#.#.......# #...).........#
....##......)..###.....#.#.....#
....##...............†.#.#....##
.....#..........†......#.#...##


You could see an orc priest and an orc wizard (invisible).

Vanquished Creatures
  An orc wizard (D:2)
  A worm (D:2)
  2 orcs (D:2)
  4 endoplasms
  A giant cockroach (D:2)
  2 goblins
  5 hobgoblins
  3 jackals (D:1)
  A quokka (D:1)
  A ball python (D:2)
  6 kobolds
  A rat (D:1)
28 creatures vanquished.

Notes
Turn   | Place    | Note
-------+----------+-------------------------------------------
     0 | D:1      | Strat the Vine Stalker Monk began the quest for the Orb.
     0 | D:1      | Reached XP level 1. HP: 11/11 MP: 2/2
   175 | D:1      | Reached XP level 2. HP: 16/16 MP: 3/3
   325 | D:1      | Found a faded altar of an unknown god.
   907 | D:2      | Noticed Sigmund
   951 | D:2      | Reached skill level 4 in Unarmed Combat
   959 | D:2      | Reached XP level 3. HP: 19/19 MP: 4/4
  1221 | D:2      | Gained mutation: Your natural rate of healing is unusually
                  | fast. [Vine Stalker growth]
  1221 | D:2      | Reached XP level 4. HP: 2/23 MP: 0/5
  1228 | D:2      | Slain by an orc priest

Illustrated notes

Levels and vault maps discovered:
D:1:      lemuel_arrival_rhombus, layout_loops_ring,
          nicolae_ecumenical_lake_church
D:2:      layout_rooms, serial_co_window_serial, co_window_corner_a,
          co_window_paths_a, co_window_paths_a, co_window_paths_a,
          co_window_corner_a, co_window_broadway_c, co_window_corner_b,
          co_window_of_opportunity_c, co_window_paths_c, co_window_cross_4,
          co_window_corner_b, co_window_paths_e, co_window_paths_d,
          uniq_sigmund, uniq_robin

Skill      XL: |  1  2 |
---------------+-------+-----
Unarmed Combat | 4 |  4.8
Fighting       | |  2.6
Dodging        | |  2.4

Action                     |  1- 3 |  4- 6 || total
---------------------------+-------+-------++-------
  Melee: Unarmed           |    78 |     8 ||    86
         Bite              |    22 |     4 ||    26
 Armour: Robe              |     8 |       ||     8
  Dodge: Dodged            |    45 |     4 ||    49
